[Event "Open NK Rapid 2025"]
[Site "Helmond, Netherlands"]
[Date "2025.05.03"]
[Round "1.1"]
[White "Bok, Benjamin"]
[Black "Van Happen, Niels"]
[Result "1-0"]
[TimeControl "15+5"]
[WhiteFideId "1017063"]
[BlackFideId "40101100"]
[WhiteElo "2583"]
[BlackElo "1782"]

1. c4 g6 2. d4 Nf6 3. g3 c6 4. Nf3 Bg7 5. Bg2 d5 6. O-O O-O 7. b3 a5 8. Nc3 Na6 9. Bb2 Bg4 10.
Ne5 Be6 11. Rc1 Rc8 12. e3 Nc7 13. Na4 Nd7 14. Nxd7 Bxd7 15. Nb6 Bf5 16. Nxc8 Qxc8 17. cxd5 cxd5 18. Bxd5 Bh3 19. Bg2 Bxg2 20.
Kxg2 Qd7 21. Qf3 Ne6 22. h4 f5 23. Rfd1 f4 24. exf4 h5 25. Rc2 Nxd4 26. Bxd4 Bxd4 27. Qe4 1-0

[Event "Open NK Rapid 2025"]
[Site "Helmond, Netherlands"]
[Date "2025.05.03"]
[Round "1.2"]
[White "Seth, Aakrit"]
[Black "Fridman, Daniel"]
[Result "0-1"]
[TimeControl "15+5"]
[WhiteFideId "34604812"]
[BlackFideId "11600454"]
[WhiteElo "1780"]
[BlackElo "2539"]

1. d4 e6 2. Bf4 c5 3. e3 Qb6 4.
b3 Nc6 5. Nf3 Nf6 6. h3 Nd5 7. Bg3 cxd4 8. exd4 Bb4+ 9. Nbd2 Nxd4 10. a3 Nxf3+ 11. gxf3 Bc3 12. Rb1 Qd4 13. Bd3 Nf4 14.
Be4 Nh5 15. Bh2 d5 16. Bd3 Bd7 17. Qe2 Nf4 18. Bxf4 Qxf4 19. Rg1 O-O 20. Bxh7+ Kh8 21. Bd3 e5 22. Qe3 Rfe8 23. Kd1 Bd4 24.
Qe2 Qh4 25. Qf1 Bxf2 26. Rh1 e4 27. fxe4 dxe4 28. Nxe4 Rxe4 29. Bxe4 Qxe4 30. Rh2 Qd4+ 31. Qd3 Qf4 32. Rxf2 Qxf2 33.
Qxd7 Qf1+ 34. Kd2 Qxb1 35. Qxb7 Rd8+ 36. Kc3 Qa1+ 37. Kb4 Qd4+ 38. c4 Qd6+ 39. Ka4 Rb8 40. Qxa7 Qc6+ 41. Ka5 Ra8 42. Qxa8+ Qxa8+ 43. Kb4 f5 44.
c5 f4 45. a4 f3 0-1

[Event "Open NK Rapid 2025"]
[Site "Helmond, Netherlands"]
[Date "2025.05.03"]
[Round "1.3"]
[White "Warmerdam, Max"]
[Black "Van Boxel, Tamara"]
[Result "1-0"]
[TimeControl "15+5"]
[WhiteFideId "1048104"]
[BlackFideId "1078747"]
[WhiteElo "2517"]
[BlackElo "1780"]

1. Nf3 Nc6 2. c4 e6 3. d4 b6 4. e4 Bb7 5. d5 exd5 6. cxd5 Nb8 7. Bc4 Bc5 8. O-O d6 9. e5 Ne7 10.
Nc3 O-O 11. Re1 dxe5 12. Nxe5 Bd6 13. Bf4 Nd7 14. Qd4 Nf6 15. Bg5 Bc5 16. Qh4 Nf5 17. Qf4 Nd4 18. Ng4 Qd6 19. Qxd6 cxd6 20.
Nxf6+ gxf6 21. Bxf6 Nc2 22. Re4 h5 23. Rc1 Nb4 24. a3 Na6 25. Rh4 Kh7 26. Bd3+ Kh6 27. g4 Rg8 28. Rxh5# 1-0

[Event "Open NK Rapid 2025"]
[Site "Helmond, Netherlands"]
[Date "2025.05.03"]
[Round "1.4"]
[White "Gergin, Isafara"]
[Black "Peng, Li Min"]
[Result "0-1"]
[TimeControl "15+5"]
[WhiteFideId "1082167"]
[BlackFideId "14112620"]
[WhiteElo "1779"]
[BlackElo "2510"]

1. e4 g6 2. d4 Bg7 3. Nc3 d6 4.
f4 a6 5.
Nf3 b5 6. a3 Nd7 7. Bd3 c5 8. d5 c4 9. Be2 Qb6 10. Qd2 Ngf6 11. Qe3 Qc7 12. h3 Bb7 13. O-O O-O 14. Nh2 e6 15.
Bf3 exd5 16. Nxd5 Nxd5 17. exd5 Rfe8 18. Qf2 Nf6 19. Rd1 Ne4 20. Bxe4 Rxe4 21. c3 Rae8 22. f5 Re2 23. Qg3 Qc5+ 24.
Kh1 Bxd5 25. Nf3 Bxf3 26. Qxf3 Re1+ 27. Rxe1 Rxe1+ 28. Kh2 Be5+ 29. g3 Qg1# 0-1

[Event "Open NK Rapid 2025"]
[Site "Helmond, Netherlands"]
[Date "2025.05.03"]
[Round "1.5"]
[White "Beerdsen, Thomas"]
[Black "Zhang, Xiheng"]
[Result "1-0"]
[TimeControl "15+5"]
[WhiteFideId "1030108"]
[BlackFideId "40102386"]
[WhiteElo "2485"]
[BlackElo "1778"]

1. e4 c5 2. Nf3 e6 3. d4 cxd4 4. Bg5 Be7 5. Bxe7 Nxe7 6. Qxd4 O-O 7. Qd6 Nbc6 8. Nc3 Ng6 9. O-O-O a6 10.
h4 Qf6 11. Kb1 Nge5 12. Nxe5 Qxe5 13. Qd2 b5 14. f4 Qc7 15. e5 f6 16. exf6 Rxf6 17. g3 b4 18. Ne4 Rf5 19. Bd3 h6 20. h5 a5 21. g4 Rxf4 22.
g5 Ba6 23. gxh6 Bxd3 24. Qxd3 Ne5 25. Qe3 Nc4 26. Qc5 Qxc5 27. Nxc5 gxh6 28. Rhg1+ Kh8 29. Rg6 Rf5 30. Rxh6+ Kg7 31.
Rg6+ Kh8 32. Rdg1 Rxh5 33. Nxd7 Rd8 34. Nf6 Rh4 35. Rg8+ Rxg8 36. Rxg8# 1-0

[Event "Open NK Rapid 2025"]
[Site "Helmond, Netherlands"]
[Date "2025.05.03"]
[Round "1.6"]
[White "Lalkota, Sai Pranav Tejas"]
[Black "Dgebuadze, Alexandre"]
[Result "0-1"]
[TimeControl "15+5"]
[WhiteFideId "1087690"]
[BlackFideId "203882"]
[WhiteElo "1777"]
[BlackElo "2454"]

1. c4 e6 2. Nc3 Bb4 3. g3 Nf6 4.
Bg2 O-O 5. d3 d5 6. cxd5 exd5 7.
Bd2 Re8 8. Nf3 Bg4 9. O-O Nc6 10. a3 Bd6 11. Bg5 h6 12. Bxf6 Qxf6 13. Nxd5 Qxb2 14. Rb1 Qa2 15. h3 Bxf3 16.
Bxf3 Nd4 17. e3 Nxf3+ 18. Qxf3 b6 19. Ra1 Qb2 20. Rfb1 Qe5 21. d4 Qe6 22. Kg2 Rad8 23. Rc1 c5 24. dxc5 bxc5 25. Nf4 Qf6 26.
Rc4 Qxa1 27. Qg4 Bxf4 28. Rxf4 Qd1 29. Qf5 Qd5+ 30. Qxd5 Rxd5 31. Ra4 Rc8 32. Rc4 Rd3 33. Kf3 Rxa3 34.
Ke4 Ra1 35. f4 a5 36. Kd5 Rd1+ 37. Ke4 a4 38. Rxa4 c4 39. Ra3 c3 0-1

[Event "Open NK Rapid 2025"]
[Site "Helmond, Netherlands"]
[Date "2025.05.03"]
[Round "1.7"]
[White "Schneider, Ilja"]
[Black "Van Geffen, Johnny"]
[Result "1-0"]
[TimeControl "15+5"]
[WhiteFideId "4663306"]
[BlackFideId "40104605"]
[WhiteElo "2438"]
[BlackElo "1777"]

1. e4 c5 2. Nc3 e6 3. Nf3 Nc6 4. Bb5 a6 5. Bxc6 dxc6 6. O-O Nf6 7. e5 Nd5 8. Ne4 Be7 9. c4 Nc7 10.
d3 h6 11. Be3 b6 12. b4 cxb4 13. Bxb6 Rb8 14. Bc5 Bxc5 15. Nxc5 O-O 16. Qa4 Qe8 17. Rab1 f5 18. Rxb4 Rxb4 19. Qxb4 Qe7 20. d4 Rf7 21. Nd3 g5 22. Qxe7 Rxe7 23. Nc5 Kf7 24. Rb1 Ke8 25. Rb8 Kd8 26.
Nb7+ Kd7 27. Nd6 Re8 28. Nxe8 Nxe8 29. Ne1 Kc7 30. Rb2 a5 31. Nd3 Ba6 32. Rc2 Ng7 33. Nc5 Bc8 34. d5 exd5 35. cxd5 Ne8 36. d6+ Kd8 37. d7 Bxd7 38.
Rd2 1-0

[Event "Open NK Rapid 2025"]
[Site "Helmond, Netherlands"]
[Date "2025.05.03"]
[Round "1.8"]
[White "Verhoeven, Lars"]
[Black "Baselmans, Luuk"]
[Result "0-1"]
[TimeControl "15+5"]
[WhiteFideId "1098519"]
[BlackFideId "1051008"]
[WhiteElo "1775"]
[BlackElo "2405"]

1. c4 e5 2. Nc3 Nf6 3. g3 c6 4. Nf3 e4 5. Nd4 Qb6 6. Nb3 a5 7. d3 a4 8. Nd2 a3 9. Qb3 Qxb3 10.
Nxb3 Bb4 11. Nd2 exd3 12. exd3 O-O 13. Bh3 Re8+ 14. Kf1 Na6 15. d4 d5 16. cxd5 Bxh3+ 0-1

[Event "Open NK Rapid 2025"]
[Site "Helmond, Netherlands"]
[Date "2025.05.03"]
[Round "1.9"]
[White "Roebers, Eline"]
[Black "Rohatgi, Kushagra"]
[Result "1-0"]
[TimeControl "15+5"]
[WhiteFideId "1058401"]
[BlackFideId "34603212"]
[WhiteElo "2390"]
[BlackElo "1774"]

1. e4 c6 2. Nf3 d5 3. Nc3 dxe4 4. Nxe4 Nf6 5.
Qe2 Nxe4 6. Qxe4 Qd5 7. Qf4 e6 8. Bc4 Qd7 9. d4 b5 10. Bd3 Ba6 11. O-O b4 12. Rd1 Bxd3 13. Rxd3 Na6 14. Qg3 h6 15. Bf4 Rc8 16.
Ne5 Qb7 17. Nc4 Nc7 18. Bd6 Nb5 19. Be5 Qd7 20. Re1 Qd5 21. Ne3 Qd7 22. d5 c5 23. Nc4 Qe7 24. dxe6 fxe6 25. Bd6 Qg5 26.
Qh3 Nd4 27. Rxd4 cxd4 28. Qxe6+ Kd8 29. Qe8# 1-0

[Event "Open NK Rapid 2025"]
[Site "Helmond, Netherlands"]
[Date "2025.05.03"]
[Round "1.10"]
[White "Hylarides, Charlie Ronald"]
[Black "Cernov, Vadim"]
[Result "0-1"]
[TimeControl "15+5"]
[WhiteFideId "40105822"]
[BlackFideId "1210629"]
[WhiteElo "1774"]
[BlackElo "2320"]

1. d4 Nf6 2. Bg5 Ne4 3. Bf4 c5 4. d5 Qb6 5. Qc1 e6 6. c4 g5 7. Be5 f6 8. Bg3 h5 9. Nc3 Qa5 10.
Qc2 f5 11. Be5 Rg8 12. f3 Nd6 13. e4 Nf7 14. Bxb8 Rxb8 15. exf5 exf5 16. Qxf5 Bg7 17. Qc2 d6 18. Bd3 Ne5 19.
Nge2 b5 20. cxb5 a6 21. O-O axb5 22. Bg6+ Kd8 23. a4 b4 24. Nb5 Qb6 25. Bxh5 c4+ 26. Kh1 Rh8 27. Ng3 Bd7 28. Qe4 Kc8 29. Rac1 Kb7 30. Rfd1 Rbf8 31.
Bg6 Rf4 32. Qb1 Rxh2+ 33. Kxh2 Rh4# 0-1

[Event "Open NK Rapid 2025"]
[Site "Helmond, Netherlands"]
[Date "2025.05.03"]
[Round "1.11"]
[White "Sydykov, Bayastan"]
[Black "Katpatal, Akshaj"]
[Result "1/2-1/2"]
[TimeControl "15+5"]
[WhiteFideId "13829610"]
[BlackFideId "1072595"]
[WhiteElo "2297"]
[BlackElo "1772"]

1. e4 c6 2. d4 d5 3. Nd2 dxe4 4. Nxe4 Nf6 5. Nxf6+ exf6 6. Be3 Bd6 7. Bd3 O-O 8. Ne2 Be6 9.
O-O Nd7 10. c4 Qc7 11. h3 Rfe8 12. Rc1 Qa5 13. Nc3 Nf8 14. a3 Ng6 15. Qd2 Rad8 16. b4 Qc7 17. d5 Bc8 18. Kh1 cxd5 19.
cxd5 Qe7 20. Rfe1 Qe5 21. g3 Qh5 22. Kg1 Bxh3 23. Be2 Bg4 24. Bxg4 Qxg4 25. Qd4 Qh3 26. Bd2 Ne5 27. Qe4 f5 28.
Qg2 Qxg2+ 29. Kxg2 h6 30.
Red1 Nc4 31. Nb5 Nxd2 32. Rxd2 a6 33. Nd4 g6 34. Nb3 Rc8 35. Rdc2 Rxc2 36. Rxc2 Kf8 37. Na5 Rb8 38. Kf3 Ke7 39. Ke3 Kd7 40. Nc4 Re8+ 41.
Kd3 g5 42. Nb6+ Ke7 43. Re2+ Kd8 44. Rc2 Bc7 45. Nc4 Kd7 46. Ne3 Re5 47. Kd4 Re4+ 48. Kd3 Re5 49. f4 gxf4 50. gxf4 Re4 51.
Nxf5 Rxf4 52. Nxh6 Rf3+ 53. Kc4 Rf4+ 54. Kb3 Rf3+ 55. Ka2 Bd6 56. Ng4 a5 57. Rc4 f5 58. Nf6+ Ke7 59. Nh5 f4 60. Re4+ Kd7 61. Nf6+ Kd8 62.
Re8+ Kc7 63. Re6 Re3 64. Ne4 f3 65. Kb2 axb4 66. axb4 Bxb4 67. Kc2 f2 68. Nxf2 Rxe6 69. dxe6 Kd6 70. Kb3 Bc5 71. Ne4+ Kxe6 72.
Nxc5+ Kf7 73. Nxb7 1/2-1/2

[Event "Open NK Rapid 2025"]
[Site "Helmond, Netherlands"]
[Date "2025.05.03"]
[Round "1.12"]
[White "Kshirsagar, Parth"]
[Black "Cernov, Henrik"]
[Result "0-1"]
[TimeControl "15+5"]
[WhiteFideId "1084020"]
[BlackFideId "16258312"]
[WhiteElo "1772"]
[BlackElo "2291"]

1. d4 Nf6 2. c4 Nc6 3. Nf3 e6 4. Nc3 Bb4 5. a3 Bxc3+ 6.
bxc3 d6 7. d5 Ne7 8. Bg5 Ng6 9. e3 h6 10. Bxf6 Qxf6 11. Qc2 O-O 12. Bd3 Ne5 13. Be2 Nxf3+ 14. Bxf3 e5 15. O-O b6 16. a4 a5 17. Rfd1 Qg5 18. Kh1 f5 19. e4 Qf6 20. exf5 Bxf5 21.
Qe2 Rae8 22. Rf1 e4 23. Bh5 g6 24. Bg4 Qxc3 25. Rac1 Qf6 26. h3 Qg5 27. Bxf5 gxf5 28. Rc3 f4 29.
Rb3 f3 30. gxf3 exf3 31. Qxe8 Qg2# 0-1

[Event "Open NK Rapid 2025"]
[Site "Helmond, Netherlands"]
[Date "2025.05.03"]
[Round "1.13"]
[White "Stolwijk, Colin"]
[Black "John, Ryan"]
[Result "1-0"]
[TimeControl "15+5"]
[WhiteFideId "1033743"]
[BlackFideId "40102122"]
[WhiteElo "2286"]
[BlackElo "1767"]

1. e4 c5 2. Nf3 Nc6 3. Bb5 g6 4. Bxc6 bxc6 5. O-O Bg7 6. Re1 d5 7. e5 e6 8. Nc3 Ne7 9. Na4 c4 10.
b3 cxb3 11. axb3 O-O 12. Ba3 Re8 13. h4 Nf5 14. g3 h5 15. d4 Bh6 16. Bc1 Bxc1 17. Qxc1 Kg7 18. Nc5 Qb6 19. c3 Qc7 20.
Ra3 Bb7 21. Re2 Reb8 22. Rea2 Bc8 23. Qg5 Qb6 24. Ra5 Qc7 25. Qc1 Rb6 26. Qa1 a6 27. b4 Qa7 28. Ne1 Rb5 29. R5a4 Rb6 30.
Nc2 Nh6 31. Ne3 Kh7 32. f3 Kg7 33. g4 Kh7 34. gxh5 gxh5 35. Rg2 Qe7 36. Rg5 f6 37. Qb1+ f5 38. Kh1 Qf7 39. Qg1 Bb7 40.
Ng2 Rg8 1-0

[Event "Open NK Rapid 2025"]
[Site "Helmond, Netherlands"]
[Date "2025.05.03"]
[Round "1.14"]
[White "Beardsley, Benjamin"]
[Black "Kuipers-Haast, Anne"]
[Result "0-1"]
[TimeControl "15+5"]
[WhiteFideId "1091905"]
[BlackFideId "1017292"]
[WhiteElo "1763"]
[BlackElo "2272"]

1. e4 c5 2. Nc3 e6 3. Nge2 Nc6 4. g3 Nge7 5. Bg2 Nd4 6. O-O Nec6 7. d3 Be7 8. Nxd4 cxd4 9. Ne2 O-O 10.
f4 d5 11. exd5 exd5 12. f5 Bg5 13. Bxg5 Qxg5 14. f6 Bg4 15. Qc1 Qe3+ 16. Qxe3 dxe3 17. fxg7 Kxg7 18. Bf3 f5 19. c3 Ne5 20. Bxg4 fxg4 21. Nf4 Rae8 22.
Kg2 Rxf4 23. gxf4 Nxd3 24. Rae1 Nxe1+ 25. Rxe1 Kf6 26. h3 Kf5 27. Kg3 h5 28. Rd1 e2 29. Re1 Re3+ 30. Kf2 Kxf4 31. hxg4 hxg4 32. Kg2 Ke4 33. Kf2 g3+ 34.
Kg2 Kd4 0-1

[Event "Open NK Rapid 2025"]
[Site "Helmond, Netherlands"]
[Date "2025.05.03"]
[Round "1.15"]
[White "Grochal, Joey"]
[Black "Klute, Leon"]
[Result "1-0"]
[TimeControl "15+5"]
[WhiteFideId "1019945"]
[BlackFideId "1096460"]
[WhiteElo "2261"]
[BlackElo "1761"]

1. d4 f5 2. c4 e6 3. Nf3 Nf6 4.
a3 a5 5.
Nc3 Be7 6. g3 O-O 7. Bg2 Ne4 8.
Qc2 Nxc3 9. bxc3 a4 10.
e4 fxe4 11. Qxe4 d6 12. h4 e5 13. Ng5 Bxg5 14. hxg5 Bf5 15. Qxb7 Ra5 16. Be3 Nd7 17. O-O Qc8 18. Qb4 Qa6 19.
Bb7 Qa7 20. Bd5+ Kh8 21. Qb2 Rb8 22. Qe2 Qa6 23. Qf3 Bg6 24. Rfd1 Rf8 25. Qg4 Nb6 26. dxe5 Nxd5 27. cxd5 dxe5 28. Qb4 Qa8 29. c4 Ra6 30. Qe7 Rb6 31.
Bxb6 cxb6 32. Qxe5 Re8 33. Qb2 Qc8 34. Re1 Rf8 35. Qd4 Qd8 36. f4 Be8 37. Re2 Qd6 38. Re6 Qc5 39. Qxc5 bxc5 40.
d6 Bf7 41. Re7 Kg8 42. Rd1 Rd8 43. Rc7 Kf8 44. Rxc5 Bh5 45. Rd3 Bg4 46. Rc7 Bf5 47. Rd5 Be6 48. Rd2 Rd7 49. Rxd7 Bxd7 50.
Re2 Kf7 51. Re7+ 1-0

[Event "Open NK Rapid 2025"]
[Site "Helmond, Netherlands"]
[Date "2025.05.03"]
[Round "1.16"]
[White "Tetova, Amir"]
[Black "Hilwerda, Jonas"]
[Result "0-1"]
[TimeControl "15+5"]
[WhiteFideId "1095838"]
[BlackFideId "1046713"]
[WhiteElo "1759"]
[BlackElo "2233"]

1. d4 Nf6 2. Nf3 g6 3. Bf4 b6 4.
e3 Bb7 5. Be2 Bg7 6. c3 d6 7. Nbd2 O-O 8. O-O Ne4 9. Nxe4 Bxe4 10. Nd2 Bb7 11. Bf3 c6 12.
b4 e5 13. dxe5 dxe5 14. Bg3 f5 15. Qb3+ Kh8 16. h3 e4 17. Bxe4 Qxd2 18. Bf3 Qxc3 19. Qe6 Qf6 20. Qxf6 Bxf6 21.
Rac1 a6 22. a4 Ra7 23. Bc7 Nd7 24.
Rfd1 Rf7 25. Bxc6 Bxc6 26. Rxc6 b5 27. a5 Ne5 28. Rxf6 Rfxc7 29. Re6 Nf7 30. Rb6 Kg7 31. f4 Kf8 32.
Rb8+ Ke7 33. Rb6 Rc4 34. Rb1 Nd8 35. Rb8 Nc6 36. Rh8 Ke6 37. Re8+ Kf7 38. Rc8 Nxa5 39. Rh8 Kg7 40. Rd8 Nc6 41.
Rd6 Nxb4 42. Ra1 a5 43. Rb6 Rc5 44. Rd6 a4 45. Rd4 Nc2 46. Rc1 Nxd4 47. Rxc5 a3 48. exd4 a2 0-1

[Event "Open NK Rapid 2025"]
[Site "Helmond, Netherlands"]
[Date "2025.05.03"]
[Round "1.17"]
[White "Grooten, Herman"]
[Black "Pieper, Roy"]
[Result "1-0"]
[TimeControl "15+5"]
[WhiteFideId "1000330"]
[BlackFideId "40101215"]
[WhiteElo "2219"]
[BlackElo "1758"]

1. d4 d5 2. c4 e6 3. Nc3 a6 4. cxd5 exd5 5. Nf3 Nf6 6. Bg5 Be7 7. e3 O-O 8. Bd3 Bg4 9. Qc2 h6 10.
Bh4 Nc6 11. a3 Re8 12. h3 Be6 13. O-O-O Qd7 14. g4 g5 15. Bg3 Bxg4 16. hxg4 Nxg4 17. Bf5 Nxe3 18. fxe3 Qd8 19. Rxh6 Bf6 20. Bxc7 Qxc7 21. Nxd5 Qg3 22.
Nxf6+ Kg7 23. Nh5+ 1-0

[Event "Open NK Rapid 2025"]
[Site "Helmond, Netherlands"]
[Date "2025.05.03"]
[Round "1.18"]
[White "Van Heinsbergen, Jonathan"]
[Black "Beeke, Bob"]
[Result "1/2-1/2"]
[TimeControl "15+5"]
[WhiteFideId "276219"]
[BlackFideId "1011634"]
[WhiteElo "1756"]
[BlackElo "2217"]

1. e4 e5 2. Nf3 Nc6 3. Bb5 Nf6 4. O-O Nxe4 5. Re1 Nd6 6. Nxe5 Be7 7. Bxc6 dxc6 8. d4 O-O 9. Bf4 Re8 10. Nd2 Bf8 11. Ndf3 Bf5 12.
c3 f6 13. Qb3+ Be6 14. Nxc6 Qd7 15. d5 Bf7 16. Ncd4 c5 17. Bxd6 Bxd6 18. Ne6 b5 19. a4 Rab8 20. axb5 Rxb5 21.
Rxa7 Qxa7 22. Qxb5 Rb8 23. Qc6 Bf8 24. Nxf8 Rxf8 25. d6 Rd8 26. h3 Qb8 27. d7 h6 28. Qxc5 Rxd7 29. b4 Rc7 30.
Qd6 Qc8 31. Rd1 Rxc3 32. Qd8+ Qxd8 33. Rxd8+ Kh7 34. b5 Rb3 35.
Rb8 Bd5 36. Nd4 Rb4 37. Nf5 Be6 38. Nd6 Rd4 39. Ne8 Kg6 40. b6 Kf7 41. Nc7 Rb4 42. b7 Bc4 43. Kh2 Bd3 44. Nd5 Rb5 45.
Nf4 Be4 46. Kg3 Rxb7 47. Rxb7+ 1/2-1/2

[Event "Open NK Rapid 2025"]
[Site "Helmond, Netherlands"]
[Date "2025.05.03"]
[Round "1.19"]
[White "Van Batenburg, Mees"]
[Black "Cornelissen, Jort"]
[Result "1-0"]
[TimeControl "15+5"]
[WhiteFideId "1078259"]
[BlackFideId "1098160"]
[WhiteElo "2217"]
[BlackElo "1750"]

1. e4 c5 2. b4 cxb4 3. a3 d5 4. exd5 Qxd5 5. Nf3 Bg4 6. axb4 Bxf3 7. Qxf3 Qxf3 8. gxf3 e6 9. b5 Nf6 10.
Bb2 Be7 11. f4 g6 12. Bg2 a5 13. Bxb7 Ra7 14. Bf3 O-O 15. b6 Ra6 16. Bd4 Rd8 17. c3 Nfd7 18. Be2 Nc5 19. Bxc5 Bxc5 20.
Bxa6 Nxa6 21. Rxa5 Bxb6 22. Rxa6 Bc7 23. f5 exf5 24. d4 Rb8 25. Nd2 Rb2 26. Ke2 Bf4 27. Rd1 Bxh2 28. c4 Kg7 29.
d5 Rc2 30. Kd3 Rb2 31. c5 Rb5 32. Kc4 Rb7 33. c6 Rc7 34. Nf3 Bd6 35. Nd4 h5 36. Nb5 Bf4 37. Nxc7 Bxc7 38. d6 Bxd6 39.
Rxd6 h4 40. c7 h3 41. c8=Q h2 42. f4 h1=Q 43. Rxg6+ fxg6 44. Ra7+ Kf6 45. Qa6+ Qc6+ 46. Qxc6# 1-0

[Event "Open NK Rapid 2025"]
[Site "Helmond, Netherlands"]
[Date "2025.05.03"]
[Round "1.20"]
[White "Elangkumaran, Anumitra"]
[Black "Smeets, Kobe"]
[Result "0-1"]
[TimeControl "15+5"]
[WhiteFideId "40109070"]
[BlackFideId "1063910"]
[WhiteElo "1750"]
[BlackElo "2192"]

1. e4 c5 2. Nc3 Nc6 3. f4 g6 4.
Nf3 Bg7 5. Bb5 Nd4 6. Nxd4 cxd4 7. Ne2 a6 8. Bc4 e6 9. c3 b5 10. Bd3 dxc3 11. dxc3 Ne7 12. O-O Bb7 13. Be3 f5 14. exf5 Nxf5 15. Bd2 Qb6+ 16. Nd4 Bxd4+ 17. cxd4 Qxd4+ 18. Rf2 Qxd3 19. Rc1 O-O 20. Qg4 Rac8 21. Rcf1 Rc2 22. Bc3 Rxf2 23. Rxf2 Qb1+ 24. Rf1 Qxf1+ 25. Kxf1 Ne3+ 26. Ke2 Nxg4 27. h3 Nf6 28. g3 Ne4 29.
Be1 Rc8 30. g4 Rc2+ 31. Kd3 Rxb2 32. h4 d6 33. h5 Rxa2 34. hxg6 hxg6 35. Bh4 Rd2+ 0-1

[Event "Open NK Rapid 2025"]
[Site "Helmond, Netherlands"]
[Date "2025.05.03"]
[Round "1.21"]
[White "Van Roon, Sjoerd"]
[Black "Shalai, Marian"]
[Result "1-0"]
[TimeControl "15+5"]
[WhiteFideId "1051075"]
[WhiteElo "2179"]
[BlackElo "1746"]

1. e4 e5 2. Nf3 Nc6 3. Bc4 Bc5 4. c3 Nf6 5. d3 d6 6. Nbd2 Na5 7. b4 Bxf2+ 8. Kxf2 Ng4+ 9. Ke2 Nxc4 10.
Nxc4 O-O 11. h3 Nf6 12. Bg5 Qe7 13. Ne3 Qe6 14. Bxf6 Qxf6 15. Rf1 Qg6 16. g4 Qh6 17. Qe1 g6 18.
Qh4 Qg7 19. g5 Bd7 20. Nd5 Be6 21. Nf6+ Kh8 22. c4 Rad8 23. Qg3 c6 24. a4 d5 25. cxd5 cxd5 26. Qxe5 dxe4 27. Nxe4 Qxe5 28.
Nxe5 Bxh3 29. Nxf7+ Rxf7 30. Rxf7 Re8 31. Rh1 Bg4+ 32. Kf2 h5 33. Nf6 1-0

[Event "Open NK Rapid 2025"]
[Site "Helmond, Netherlands"]
[Date "2025.05.03"]
[Round "1.22"]
[White "Boskemper, Danny"]
[Black "Kazarjan, Gachatur"]
[Result "0-1"]
[TimeControl "15+5"]
[WhiteFideId "40100162"]
[BlackFideId "1068750"]
[WhiteElo "1743"]
[BlackElo "2155"]

1. d4 d5 2. Nf3 c5 3. e3 e6 4. b3 Be7 5. Bb2 Nf6 6. Bd3 Nbd7 7. O-O b6 8. Nbd2 Bb7 9. Ne5 O-O 10.
f4 Ne4 11. Rf3 Rc8 12. Rh3 f5 13. Nxd7 Qxd7 14. Nf3 Bf6 15. Ne5 Bxe5 16. dxe5 Qf7 17. Bxe4 dxe4 18. g4 Rfd8 19. Qe2 fxg4 20.
Qxg4 Rd2 21. Rc1 Ba6 22. Bc3 Re2 23. Rh6 Re8 24. Rh3 g6 25. Rg3 Qd7 26. h4 Re7 27. h5 Rg7 28. h6 Rf7 29.
Qh3 Rf5 30. Rg5 Rxc2 31. Rxg6+ hxg6 32. Rxc2 Qd1+ 33. Be1 Qxe1+ 34. Kh2 Rh5 35. Rc1 0-1

[Event "Open NK Rapid 2025"]
[Site "Helmond, Netherlands"]
[Date "2025.05.03"]
[Round "1.23"]
[White "Labruyere, Roger"]
[Black "Kulikova, Polina"]
[Result "1-0"]
[TimeControl "15+5"]
[WhiteFideId "1059505"]
[BlackFideId "1085921"]
[WhiteElo "2117"]
[BlackElo "1743"]

1. e4 c6 2. d4 d5 3. e5 Bf5 4. h4 h5 5. Bd3 Bxd3 6. Qxd3 e6 7. Nf3 Qa5+ 8. Nbd2 Nh6 9. O-O Nf5 10.
Nb3 Qa6 11. Qc3 Nd7 12. a4 Qb6 13. a5 Qc7 14. Bg5 c5 15. dxc5 Nxc5 16. Nbd4 Nxd4 17. Nxd4 Qxe5 18. Rfe1 Qd6 19.
Nf5 Qd7 20. Nxg7+ Bxg7 21. Qxg7 Rf8 22. f3 Rc8 23. Bh6 Qe7 24. Qxf8+ Qxf8 25. Bxf8 Kxf8 26. Re5 Nd7 27. Rxh5 Rxc2 28.
a6 Rxb2 29. Rh8+ Ke7 30. axb7 Rxb7 31. h5 Nf6 32. h6 d4 33. h7 Nxh7 34. Rxh7 d3 35. Rd1 Rd7 36. Kf2 Kf6 37. Ke3 a5 38.
Rxd3 Rxd3+ 39. Kxd3 Kg6 40. Rh4 f5 41. Ra4 Kg5 42. g3 e5 43. Rxa5 Kf6 44. f4 exf4 45. gxf4 Kg6 46. Kd4 Kf6 47. Ra6+ Ke7 48. Ke5 Kd7 49. Kxf5 Ke7 50.
Ke5 Kd7 51. f5 Ke7 52. f6+ Kf7 53.
Kf5 Kf8 54. Kg6 Ke8 55. Rd6 Kf8 56.
Rd8# 1-0

[Event "Open NK Rapid 2025"]
[Site "Helmond, Netherlands"]
[Date "2025.05.03"]
[Round "1.24"]
[White "Blok, Lukas"]
[Black "Margaryan, Artur"]
[Result "0-1"]
[TimeControl "15+5"]
[WhiteFideId "40110494"]
[BlackFideId "13304348"]
[WhiteElo "1741"]
[BlackElo "2100"]

1. c4 Nf6 2. Nc3 g6 3. g3 Bg7 4.
Bg2 d6 5. d3 O-O 6. e4 c5 7. Nge2 Nc6 8. O-O a6 9. Rb1 Rb8 10. a3 b5 11. cxb5 axb5 12. b4 cxb4 13. axb4 Bd7 14.
h3 Ne8 15. Be3 Nc7 16. Qd2 Na6 17. Na2 Be6 18. Nec3 Qd7 19. Kh2 Nd4 20. Ne2 Nxe2 21. Qxe2 Rfc8 22. f4 d5 23. Rfc1 d4 24.
Bf2 f5 25. exf5 gxf5 26. Rxc8+ Rxc8 27. Nc1 Rc3 28. Qd2 Bd5 29. Ne2 Bxg2 30. Kxg2 Qd5+ 31. Kh2 Ra3 32. Qc1 Ra2 33. Rb2 Nxb4 34. Qc8+ Kf7 35. Rxa2 Nxa2 36. Qc2 Nc3 37. Nxc3 dxc3 38. d4 b4 39.
g4 e6 40. gxf5 Qxf5 41. Qc1 Bh6 42. Bg3 Qd3 43. f5 Bxc1 0-1

[Event "Open NK Rapid 2025"]
[Site "Helmond, Netherlands"]
[Date "2025.05.03"]
[Round "1.25"]
[White "Kools, Thomas"]
[Black "Rijkers, Roman"]
[Result "1-0"]
[TimeControl "15+5"]
[WhiteFideId "1054759"]
[BlackFideId "1064380"]
[WhiteElo "2094"]
[BlackElo "1741"]

1. e4 c6 2. Nc3 d5 3. Nf3 e6 4. d4 c5 5. exd5 exd5 6. dxc5 Bxc5 7. Qxd5 Qxd5 8. Nxd5 Bd6 9. Bb5+ Nc6 10.
Bg5 Be6 11. O-O-O f6 12. Be3 Kf7 13. Nxf6 gxf6 14. Rxd6 Nb4 15. a3 Nd5 16. Re1 Nxe3 17. Rxe3 Bf5 18. Bc4+ Kg7 19. Nh4 Bg6 20. Rd7+ Kh6 21. Rh3 Kg5 22.
f4+ Kg4 23. Nxg6 1-0

[Event "Open NK Rapid 2025"]
[Site "Helmond, Netherlands"]
[Date "2025.05.03"]
[Round "2.1"]
[White "Madularea, David"]
[Black "Bok, Benjamin"]
[Result "1-0"]
[TimeControl "15+5"]
[WhiteFideId "1070215"]
[BlackFideId "1017063"]
[WhiteElo "1921"]
[BlackElo "2583"]

1. e4 c5 2. Nf3 d6 3. d4 cxd4 4. Nxd4 Nf6 5. Nc3 a6 6. Be2 e5 7. Nb3 Be7 8. Be3 Be6 9. f4 exf4 10. Bxf4 Nc6 11. Qd2 O-O 12.
O-O-O Ne5 13. Rhg1 Rc8 14. g4 b5 15. g5 Nfd7 16. h4 Nb6 17. h5 Qc7 18. g6 fxg6 19. hxg6 Nxg6 20. Bxd6 Bxd6 21. Qxd6 Nf4 22. Qxc7 Rxc7 23.
Nd4 Bc8 24. Bf3 Bb7 25. a3 Rcf7 26. Bh1 g6 27. e5 Bxh1 28. Rxh1 Nc4 29. Rhe1 Re8 30. e6 Rfe7 31. Re4 Nxe6 32. Rde1 Nxd4 1-0

[Event "Open NK Rapid 2025"]
[Site "Helmond, Netherlands"]
[Date "2025.05.03"]
[Round "2.2"]
[White "Fridman, Daniel"]
[Black "De Wit, Evan"]
[Result "1-0"]
[TimeControl "15+5"]
[WhiteFideId "11600454"]
[BlackFideId "1096389"]
[WhiteElo "2539"]
[BlackElo "1917"]

1. Nf3 Nf6 2. c4 c5 3. Nc3 Nc6 4. g3 g6 5. Bg2 Bg7 6. d4 cxd4 7. Nxd4 O-O 8. O-O a6 9. c5 Qc7 10. Nb3 b6 11. Bf4 e5 12. cxb6 Qxb6 13.
Bxe5 Nxe5 14. Bxa8 Bb7 15. Bxb7 Qxb7 16. Qd4 Re8 17. Rad1 Nfg4 18. Qd5 Qb4 19. Rd4 Qe7 20. h3 Nf6 21.
Qd6 Qxd6 22. Rxd6 Nc4 23. Rxa6 Nxb2 24. e3 Rc8 25. Na4 Nd3 26. Nb6 Rc2 27. Ra8+ Bf8 28. Nd4 Rb2 29. Nc4 Rb7 30. Rd1 Nc5 31.
Nd6 Rb2 32. Rc1 Kg7 1-0